 Dungeon Crawl Stone Soup version 0.32-a0-859-gb0a091d592 (webtiles) character file.

Game seed: 12139182719446038183

3291 xfalz the Fighter (level 10, -1/111 HPs)
             Began as an Oni Shapeshifter on Mar 28, 2024.
             Was a Believer of Beogh.
             Slain by a kobold brigand
             ... wielding a +0 war axe
              (8 damage)
             ... on level 8 of the Dungeon.
             The game lasted 00:08:39 (8611 turns).

xfalz the Fighter (Oni Shapeshifter)                Turns: 8611, Time: 00:08:40

Health: -1/111     AC:  3    Str: 22    XL:     10   Next: 1%
Magic:  10/10      EV: 10    Int: 11    God:    Beogh [**....]
Gold:   413        SH:  0    Dex: 10    Spells: 9/9 levels left

rFire   . . .        I - +2 trident (drain)
rCold   . . .        (no shield)
rNeg    . . .        a - +0 animal skin
rPois   .            (helmet currently unavailable)
rElec   .            (cloak currently unavailable)
rCorr   .            (gloves unavailable)
SInv    .            (boots unavailable)
Will    +....        (no amulet)
Stlth   +            s - ring of wizardry
HPRegen 0.38/turn    (no ring)
MPRegen 0.12/turn

%: wizardry (x1)
@: beast-form, slowed, very slow
A: beast (slay +4), large, unfitting armour, horns 1, tough skin 1, double
potion healing, drunken brawling
a: Begin Untransformation, Renounce Religion, Smiting


You were on level 8 of the Dungeon.
You worshipped Beogh.
Beogh was pleased with you.
You were a hulking beast.
You visited 1 branch of the dungeon, and saw 8 of its levels.
You also visited: Bailey.

You collected 413 gold pieces.

Inventory:

Hand Weapons
 r - a +1 spear of venom
 z - a +0 giant club
 I - a +2 trident of draining (weapon)
Missiles
 C - a large rock (quivered)
 G - 3 datura-tipped darts
Armour
 a - a +0 animal skin (worn)
Jewellery
 s - a ring of wizardry (left hand)
 t - a ring of fire
 y - a +6 ring of dexterity
Talismans
 c - a beast talisman (active)
 d - a flux talisman
 H - a blade talisman
Wands
 D - a wand of paralysis (8)
 F - a wand of polymorph (14)
Scrolls
 e - 4 scrolls of revelation {unknown}
 f - 4 scrolls of enchant armour {unknown}
 g - a scroll of summoning {unknown}
 k - 2 scrolls of noise {unknown}
 l - 3 scrolls of teleportation {unknown}
 n - a scroll of brand weapon {unknown}
 u - 2 scrolls of immolation {unknown}
 v - 2 scrolls of identify {unknown}
 w - 2 scrolls of enchant weapon {unknown}
 x - 2 scrolls of poison {unknown}
 E - 3 scrolls of blinking {unknown}
Potions
 b - 3 potions of lignification
 h - 5 potions of enlightenment
 i - 2 potions of cancellation {unknown}
 j - a potion of heal wounds {unknown}
 m - a potion of degeneration {unknown}
 o - 4 potions of brilliance {unknown}
 p - 2 potions of curing
 q - a potion of ambrosia {unknown}
 A - a potion of magic {unknown}
 B - a potion of might {unknown}
 J - a potion of attraction {unknown}


   Skills:
 * Level 10.8 Fighting
 - Level 5.0 Dodging
 - Level 2.6 Unarmed Combat
 + Level 9.5 Shapeshifting


You had 9 spell levels left.
You didn't know any spells.
Your spell library contained the following spells:

 Spells                   Type           Power      Damage    Failure   Level
 Apportation              Tloc           0%         N/A       14%         1
 Freeze                   Ice            0%         1d3       14%         1
 Magic Dart               Conj           0%         1d3       14%         1
 Necrotise                Necr           0%         1d4       14%         1
 Sting                    Conj/Alch      0%         1d3       14%         1
 Summon Small Mammal      Summ           0%         N/A       14%         1
 Call Imp                 Summ           0%         N/A       21%         2
 Sublimation of Blood     Necr           0%         N/A       21%         2
 Hailstorm                Conj/Ice       0%         3d5       38%         3
 Summon Ice Beast         Ice/Summ       0%         N/A       38%         3
 Permafrost Eruption      Ice/Erth       0%         2x4d2     100%        6
 Sculpt Simulacrum        Ice/Alch       0%         N/A       100%        6
 Summon Hydra             Summ           0%         N/A       100%        7


Dungeon Overview and Level Annotations

Branches:
Dungeon (8/15)             Temple (0/1) D:6          Bailey (visited)
   Lair: D:8-11

Altars:
Cheibriados
Dithmenos
Fedhas
Kikubaaqudgha
Nemelex Xobeh
Qazlal
Wu Jian


Innate Abilities, Weirdness & Mutations

You are a hulking beast.
Your limbs bulge with bestial killing power. (Slay +4)
Your facial features are unmistakably orcish.
You are too large for most types of armour.
You have a pair of small horns on your head.
You have tough skin. (AC +1)
You gain doubled healing and magic from potions.
Whenever you drink a healing potion, you attack all around you.


Message History

You hit the kobold brigand. You drain the kobold brigand.
The kobold brigand is lightly wounded.
You hit the kobold but do no damage.
You savour every drop.
You feel better. The kobold hits you but does no damage.
The kobold brigand hits you with a +0 war axe.
The kobold closely misses you. The kobold brigand closely misses you.
You hit the kobold brigand. You drain the kobold brigand.
Your headbutt misses the kobold brigand.
The kobold brigand is moderately wounded.
The kobold brigand hits you with a +0 war axe.
The kobold barely misses you. The kobold brigand closely misses you.
The kobold hits you.
You miss the kobold brigand. You headbutt the kobold brigand.
The kobold brigand is heavily wounded.
The kobold brigand barely misses you. The kobold hits you.
The kobold brigand hits you with a +0 war axe.
The kobold closely misses you.
You completely miss the kobold brigand.
The kobold brigand is heavily wounded.
The kobold brigand hits you with a +0 war axe!
The kobold completely misses you.
The kobold brigand hits you with a +0 war axe!
* * * LOW HITPOINT WARNING * * *
The kobold barely misses you.
You puncture the kobold brigand!
Your headbutt misses the kobold brigand.
The kobold brigand is severely wounded.
The kobold brigand hits you with a +0 war axe.
* * * LOW HITPOINT WARNING * * *
The kobold closely misses you.
The kobold brigand hits you with a +0 war axe!
* * * LOW HITPOINT WARNING * * *
The kobold hits you but does no damage.
You closely miss the kobold brigand. You headbutt the kobold brigand.
The kobold brigand is severely wounded.
The kobold brigand hits you with a +0 war axe!
* * * LOW HITPOINT WARNING * * *
The kobold closely misses you.
The kobold brigand hits you with a +0 war axe!
You die...

#..>..#.## ##.
########
######.#.###..
#...... #.##.#.#.
#.##.#######
#.###.##.
#....).....#
#........
#..~~)))~~.#
#.###.##.
#..≈##.##≈.####.#
#.##.
#..~#..(#≈......#
#.###
#..≈#.hK#~.######
#.# #..≈#K..#≈.#
#.. ##.~#####~.#
### #.~~~~≈†~.#
#.........#
###.##.####
#....# #.#### #..


You could see a kobold brigand (very drained) and a kobold.

Vanquished Creatures
  Jeremiah (D:6)
  Grinder (D:6)
  Sigmund (D:3)
  Menkaure (D:4)
  3 water moccasins
  An orc warrior (D:8)
  2 ice beasts
  2 sky beasts (D:7)
  A black bear (D:7)
  An ogre (D:4)
  2 centaurs (D:7)
  4 lemures (D:4)
  3 phantoms
  A kobold brigand (D:6)
  5 bullfrogs
  A gnoll sergeant (D:8)
  A howler monkey (D:4)
  2 bombardier beetles (D:6)
  A jelly (D:6)
  3 hounds
  4 orc priests
  3 orc wizards
  2 iguanas (D:5)
  A sleepcap (D:6)
  3 gnolls (D:8)
  9 adders
  A shadow imp (D:8)
  A white imp (D:5)
  A ribbon worm (D:5)
  5 dart slugs
  14 orcs
  7 endoplasms
  A giant cockroach (D:3)
  7 goblins
  7 hobgoblins
  8 jackals
  3 quokkas
  5 ball pythons
  4 bats
  5 frilled lizards
  14 kobolds
  3 rats
145 creatures vanquished.

Vanquished Creatures (others)
  An orc wizard (D:7)
  An orc (D:6)
2 creatures vanquished.

Grand Total: 147 creatures vanquished

Notes
Turn   | Place    | Note
-------+----------+-------------------------------------------
     0 | D:1      | xfalz the Oni Shapeshifter began the quest for the Orb.
     0 | D:1      | Reached XP level 1. HP: 19/19 MP: 1/1
   225 | D:1      | Reached skill level 2 in Fighting
   248 | D:1      | Reached XP level 2. HP: 28/28 MP: 2/2
   628 | D:1      | Reached XP level 3. HP: 36/36 MP: 3/3
   826 | D:1      | Reached skill level 3 in Fighting
  1273 | D:2      | Reached XP level 4. HP: 44/46 MP: 4/4
  2003 | D:3      | Noticed Sigmund
  2009 | D:3      | Killed Sigmund
  2010 | D:3      | Reached skill level 5 in Fighting
  2010 | D:3      | Reached XP level 5. HP: 36/57 MP: 5/5
  2120 | D:3      | Reached XP level 6. HP: 63/66 MP: 6/6
  2240 | D:3      | You fall into a shaft and drop 1 floor!
  2351 | D:3      | Became a worshipper of Beogh the Shepherd
  3020 | D:4      | Reached skill level 6 in Fighting
  3175 | D:4      | Reached XP level 7. HP: 49/76 MP: 7/7
  3292 | D:4      | Reached skill level 7 in Fighting
  3551 | D:4      | Got A Prolegomenon to Orphic Understanding
  3586 | D:4      | Noticed Menkaure
  3641 | D:4      | Killed Menkaure
  4103 | D:4      | Reached skill level 8 in Fighting
  4443 | D:5      | Entered Level 5 of the Dungeon
  4572 | D:5      | Reached * piety under Beogh
  4663 | D:5      | Reached skill level 5 in Shapeshifting
  5237 | D:6      | Reached XP level 8. HP: 86/89 MP: 8/8
  5278 | D:6      | Found a staircase to the Ecumenical Temple.
  5298 | D:6      | Reached skill level 9 in Fighting
  6116 | D:6      | Noticed Jeremiah
  6356 | D:6      | Killed Jeremiah
  6357 | D:6      | Reached skill level 10 in Fighting
  6357 | D:6      | Reached skill level 5 in Dodging
  6481 | D:6      | Noticed Grinder
  6490 | D:6      | Killed Grinder
  6491 | D:6      | Reached XP level 9. HP: 67/101 MP: 9/9
  6687 | D:6      | Found a shadowy altar of Dithmenos.
  6694 | D:6      | Found a sparkling altar of Nemelex Xobeh.
  6694 | D:6      | Found an ornate altar of the Wu Jian Council.
  6696 | D:6      | Found a snail-covered altar of Cheibriados.
  6697 | D:6      | Found a blossoming altar of Fedhas.
  6700 | D:6      | Found an ancient bone altar of Kikubaaqudgha.
  7406 | D:7      | Reached ** piety under Beogh
  8058 | D:8      | Found a stormy altar of Qazlal.
  8236 | D:8      | Identified the +5 rapier of Responsibility {freeze, *Rage
                  | *Corrode rPois Dex+5}
  8548 | D:8      | Reached XP level 10. HP: 105/111 MP: 10/10
  8566 | D:8      | Found a flagged portal.
  8579 | Bailey   | Entered a bailey
  8611 | D:8      | Slain by a kobold brigand

Illustrated notes

Levels and vault maps discovered:
D:1:      erik_arrival_blinker_ship, layout_basic, serial_rivers,
          chequers_serial_rivers_micro_c, chequers_serial_rivers_micro_e,
          chequers_serial_rivers_micro_a, chequers_serial_rivers_micro_b,
          chequers_serial_rivers_micro_c, chequers_serial_rivers_small_3
D:2:      layout_rooms, minmay_pentomino_t2
D:3:      layout_loops_corners, nrook_uturn, kennysheep_cross_room, uniq_sigmund
D:4:      layout_loops_cross, nicolae_zen_rock_garden, minmay_unequal,
          uniq_pikel, uniq_menkaure
D:5:      layout_cave_pools
D:6:      layout_loops_ring, minitemple, minmay_temple_entry_statues_fountains,
          uniq_jeremiah, uniq_grinder
D:7:      layout_basic, minivault_11
D:8:      layout_loops_ring, nicolae_qazlal_eye_of_the_storm, enter_bailey_3,
          billiards_dpeg

Skill      XL: |  1  2  3  4  5  6  7  8  9 |
---------------+----------------------------+-----
Fighting       | 2 3 5 6 8 10 | 10.8
Dodging        | 2 3 5 |  5.0
Shapeshifting  | 4 5 6 9 |  9.5
Unarmed Combat | |  2.6

Action                     |  1- 3 |  4- 6 |  7- 9 | 10-12 || total
---------------------------+-------+-------+-------+-------++-------
  Melee: Unarmed           |    80 |     7 |       |       ||    87
         Headbutt          |    13 |     3 |    50 |     2 ||    68
         Spear             |       |    73 |   182 |       ||   255
         Giant club        |       |       |     3 |       ||     3
         Trident           |       |       |   101 |    15 ||   116
 Invoke: Convert to Beogh  |       |     1 |       |       ||     1
  Evoke: Wand              |       |       |       |     4 ||     4
    Use: Potion            |       |       |     2 |     1 ||     3
   Stab: Sleeping          |       |     1 |       |       ||     1
         Paralysed         |       |       |       |     1 ||     1
 Armour: Animal skin       |    59 |    42 |   190 |    26 ||   317
  Dodge: Dodged            |    49 |    23 |   117 |    28 ||   217

Table legend: (Time is in decaauts)
 A = Elapsed time spent in this place.
 B = Non-inter-level travel time spent in this place.
 C = Inter-level travel time spent in this place.
 D = Time resting spent in this place.
 E = Time spent auto-exploring this place.
 F = Levels seen in this place.
 G = Mean time per level.
                   A        B        C        D        E       F      G
               +--------+--------+--------+--------+--------+-----+--------+
         Total |   8676 |   8281 |    395 |   1673 |   5439 |   9 |  964.0 |
       Dungeon |   8644 |   8249 |    395 |   1673 |   5434 |   8 | 1080.5 |
        Bailey |     31 |     31 |      0 |      0 |      5 |   1 |   31.0 |
               +--------+--------+--------+--------+--------+-----+--------+

Top non-repeatable levels by time:
     D:4: 1633 daAuts
     D:6: 1597 daAuts
     D:3: 1361 daAuts
     D:5: 1028 daAuts
     D:1: 968 daAuts
     D:7: 936 daAuts
     D:2: 577 daAuts
     D:8: 542 daAuts
  Bailey: 31 daAuts
